AoeStats
← Erebor.

Oasis

510016959Analyzed
4v4 RM · 4d ago on Sep 29, 2026· 15m 33s· 8 players
Game mode
Random Map
Map size
Large (8 player)
Population
200
Speed
Normal
Resources
Standard
Victory
Conquest
Starting age
Dark Age
Ending age
Imperial Age
RankedLock teamsTeams togetherTeam positionsShared explorationLock speedFull tech treeHidden civsTurbo modeCheats
Victory
Defeat
🇨🇴 Saracens · Colombia
1573
+12
🇳🇿 Britons · New Zealand
1487
+16
🇺🇸 Magyars · United States
1471
+17
🇦🇷 Persians · Argentina
1448
+17
🇧🇷 Ethiopians · Brazil
1557
-18
🇦🇷 Khmer · Argentina
1514
-17
🇦🇷 Maya · Argentina
1467
-15
🇨🇳 Burmese · China
1405
-12
Hebron
8:49 Feudal Age
7:36 Loom
8:54 Loom
9:48 Double-Bit Axe
13:33 Scale Barding Armor
13:31 Horse Collar
FMG | KauTrEnS
6:21 Loom
8:54 Feudal Age
12:05 Fletching
14:46 Double-Bit Axe
Erebor.
3:12 Loom
9:29 Feudal Age
9:54 Double-Bit Axe
9:50 Horse Collar
Not Ben
7:10 Loom
9:33 Feudal Age
11:54 Double-Bit Axe
15:47 Padded Archer Armor
15:39 Fletching
15:49 Padded Archer Armor
Sace
7:29 Loom
9:45 Feudal Age
[MP] Lauchav
0:31 Loom
9:41 Feudal Age
10:17 Double-Bit Axe
11:25 Fletching
Anil
10:33 Feudal Age
10:36 Loom
11:08 Horse Collar
|MP| patrick
4:27 Loom
6:05 Loom
8:47 Feudal Age
9:59 Double-Bit Axe
Connection lost

Rejoining the realm…

Still unreachable

The connection could not be restored.

Session expired

The server has moved on; the page needs a fresh start.